 Dungeon Crawl Stone Soup version 0.29-a0-409-gd843f3a48c (webtiles) character file.

Game seed: 16831937736151861635

756 loir the Magician (level 8, -6/58 HPs)
             Began as a Djinni Fire Elementalist on May 13, 2022.
             Mangled by a small abomination (10 damage)
             ... on level 4 of the Dungeon.
             The game lasted 00:16:33 (4886 turns).

loir the Magician (Djinni Fire Elementalist)        Turns: 4886, Time: 00:16:34

Health: -6/58      AC:  4    Str:  7    XL:     8   Next: 7%
Gold:   193        EV: 12    Int: 20    God:
                   SH:  0    Dex: 13

rFire   + + .      SeeInvis .   b - +3 short sword (drain)
rCold   x . .      Faith    .   (no shield)
rNeg    . . .      Spirit   .   a - +0 robe
rPois   ∞          Reflect  .   k - +1 hat
rElec   .          Harm     .   (no cloak)
rCorr   .          Rampage  .   n - +0 pair of gloves
Will    .....                   (boots unavailable)
Stlth   ++........              (no amulet)
HPRegen 0.19/turn               (no ring)
MPRegen 0.00/turn               (no ring)

@: flying
A: sickness immunity, fire resistance 2, cold vulnerability 1, float, innate
caster, HP casting, extra vitality 1
a: no special abilities


You were on level 4 of the Dungeon.
You visited 1 branch of the dungeon, and saw 4 of its levels.

You collected 193 gold pieces.

Inventory:

Hand Weapons
 b - a +3 short sword of draining (weapon)
 o - a +1 vorpal long sword
 u - a +2 whip of distortion
Missiles
 c - 176 stones
Armour
 a - a +0 robe (worn)
 k - a +1 hat (worn)
 n - a +0 pair of gloves (worn)
Magical Staves
 f - a staff of poison
Wands
 m - a wand of mindburst (15)
Scrolls
 d - 2 scrolls of enchant weapon
 j - a scroll of fear
 p - a scroll of identify
 r - a scroll of enchant armour
Potions
 e - 2 potions of heal wounds
 g - 3 potions of curing
 h - 2 potions of brilliance
 i - 3 potions of lignification
 l - 2 potions of berserk rage {unknown}
 q - a potion of degeneration {unknown}
 s - a potion of invisibility {unknown}


   Skills:
 + Level 4.5 Fighting
 - Level 2.1 Dodging
 - Level 1.5 Stealth
 * Level 5.8 Spellcasting


You couldn't memorise any spells.
You knew the following spells:

 Your Spells              Type           Power      Damage    Failure   Level
a - Foxfire               Conj/Fire      100%       2x1d9     1%          1
b - Scorch                Fire           58%        2d7       1%          2
c - Conjure Flame         Conj/Fire      29%        6-21      3%          3
d - Inner Flame           Hex/Fire       29%        N/A       3%          3
e - Flame Wave            Conj/Fire      29%        2d8       10%         4
f - Magic Dart            Conj           100%       1d8       1%          1
g - Passwall              Tmut/Erth      24%        N/A       1%          2
h - Call Canine Familiar  Summ           29%        N/A       3%          3
Your spell library was empty.

Dungeon Overview and Level Annotations

Branches:
Dungeon (4/15)
 Temple: D:4-7

Altars:
Uskayaw

Annotations:
D:4 1 transporter


Innate Abilities, Weirdness & Mutations

You are immune to sickness and miasma.
You are immune to poison.
Your flesh is very heat resistant. (rF++)
You are vulnerable to cold. (rC-)
You float through the air rather than walking.
You learn spells naturally, not from books.
Your magical power is your life essence.
You have superior vitality. (+4 MHP)


Message History

You feel clever.
A crimson imp is nearby!
The crimson imp hits your hound.
There is a transporter landing site here.
Casting: Scorch (safe; 1% risk of failure)
Confirm with . or Enter, or press ? or * to list all spells.
Okay, then.
You can't go down here!
You can't go up here!
Casting: Scorch (safe; 1% risk of failure)
Confirm with . or Enter, or press ? or * to list all spells.
You aren't next to any passable walls.
Your hound bites the crimson imp.
The crimson imp closely misses your hound.
Your hound bites the crimson imp.
You see here a kobold corpse.
Your hound misses the crimson imp. The crimson imp hits your hound.
Your hound bites the crimson imp.
Casting: Passwall (safe; 1% risk of failure)
Confirm with . or Enter, or press ? or * to list all spells.
Aiming: Passwall (safe; 1% risk of failure)
Press: ? - help, Dir - move target A rock wall.
* * * LOW HITPOINT WARNING * * *
Your hound bites the crimson imp.
The crimson imp closely misses your hound.
You begin to meditate on the wall.
You continue meditating on the rock.
Your hound bites the crimson imp.
The crimson imp closely misses your hound.
Your hound misses the crimson imp.
You continue meditating on the rock.
The small abomination misses you.
Your hound misses the crimson imp.
The crimson imp closely misses your hound.
You continue meditating on the rock.
Your hound bites the crimson imp.
The crimson imp dies!
The small abomination hits you!
* * * LOW HITPOINT WARNING * * *
The small abomination hits you!
You die...

.$###...###.##....
...##..#[...#..#. #
.##.####...##..#. #.
##.##..©!...##.....
#..##.# #.#....##....#.
#.©#©h##.... #.#.......
#..##†.#x###...###.....
#. ##.x##©### . ##....
# #@.#....##.#.#...#
#.#^###...##..#..##
#.##..###..##.##.... ##
.....#..#..#....#
##..##..##5#.....
####....###....#
#...........+#
.§§..............
§................


You could see 2 small abominations and a friendly hound (summoned).

Vanquished Creatures
  The ghost of Patoropollo the Skirmisher, an amateur MiFi (D:4)
  A wyvern (D:4)
  A kobold brigand (D:4)
  2 scorpions (D:4)
  A hound (D:4)
  Jessica (D:2)
  An iguana (D:3)
  3 adders (D:3)
  An ufetubus (D:4)
  A worm (D:2)
  2 dart slugs
  8 endoplasms
  3 goblins
  11 hobgoblins
  8 jackals (D:2)
  6 kobolds
  A quokka (D:3)
  4 ball pythons
  7 bats
  A frilled lizard (D:3)
  12 rats
76 creatures vanquished.

Vanquished Creatures (collateral kills)
  A crimson imp (D:4)
  An adder (D:4)
  2 foxfires (D:1)
4 creatures vanquished.

Vanquished Creatures (others)
  A ball python (D:2)
  201 foxfires
202 creatures vanquished.

Grand Total: 282 creatures vanquished

Notes
Turn   | Place    | Note
-------+----------+-------------------------------------------
     0 | D:1      | loir the Djinni Fire Elementalist began the quest for the
                  | Orb.
     0 | D:1      | Reached XP level 1. HP: 15/15 MP: 0/0
   338 | D:1      | Reached XP level 2. HP: 18/22 MP: 0/0
   542 | D:1      | Found a faded altar of an unknown god.
   664 | D:1      | Reached skill level 1 in Fighting
  1348 | D:2      | Noticed Jessica
  1359 | D:1      | Reached XP level 3. HP: 12/27 MP: 0/0
  1359 | D:1      | Learned a level 1 spell: Magic Dart
  1361 | D:1      | Reached skill level 3 in Spellcasting
  1546 | D:2      | Killed Jessica
  1547 | D:2      | Reached XP level 4. HP: 27/33 MP: 0/0
  2599 | D:3      | Reached XP level 5. HP: 31/38 MP: 0/0
  2599 | D:3      | Learned a level 2 spell: Passwall
  4005 | D:3      | Reached skill level 4 in Spellcasting
  4081 | D:4      | Found a hide-covered altar of Uskayaw.
  4100 | D:4      | Reached XP level 6. HP: 32/45 MP: 0/0
  4196 | D:4      | Noticed a wyvern
  4203 | D:4      | Killed a wyvern
  4442 | D:4      | Reached XP level 7. HP: 47/50 MP: 0/0
  4442 | D:4      | Learned a level 3 spell: Call Canine Familiar
  4605 | D:4      | Reached skill level 5 in Spellcasting
  4673 | D:4      | Found a transporter.
  4723 | D:4      | Noticed Patoropollo's ghost (amateur MiFi)
  4742 | D:4      | Found a transporter.
  4871 | D:4      | HP: 2/52 [Patoropollo's ghost (3)]
  4877 | D:4      | Killed Patoropollo's ghost
  4878 | D:4      | Reached XP level 8. HP: 13/58 MP: 0/0
  4886 | D:4      | Mangled by a small abomination

Illustrated notes

Levels and vault maps discovered:
D:1:      minmay_arrival_plants_in_alcoves, layout_loops_ring,
          chequers_ecumenical_altar_simple_redux, minmay_hexomino_f4
D:2:      layout_loops_ring, lemuel_old_faithful, uniq_jessica
D:3:      minmay_razor_zed, layout_basic, minmay_misc_feat_square,
          minmay_misc_feat_ornament
D:4:      layout_basic, makhleb_altar_promises_db,
          mainiacjoe_overflow_surrounded_room, gammafunk_ghost_abyssal_escape

Skill      XL: |  1  2  3  4  5  6  7 |
---------------+----------------------+-----
Fighting       | 1 2 3 4 |  4.5
Spellcasting   | 3 4 5 |  5.8
Dodging        | |  2.1
Stealth        | |  1.5

Action                   |  1- 3 |  4- 6 |  7- 9 || total
-------------------------+-------+-------+-------++-------
Melee: Short sword       |     5 |       |       ||     5
 Cast: Foxfire           |    37 |    61 |    28 ||   126
       Scorch            |     1 |    30 |    17 ||    48
       Call Canine Famil |       |       |     3 ||     3
       Passwall          |       |       |     1 ||     1
  Use: Scroll            |     6 |     5 |     1 ||    12
       Potion            |       |       |     1 ||     1
Armor: Robe              |     1 |     3 |     1 ||     5
Dodge: Dodged            |     9 |    10 |     3 ||    22

Table legend: (Time is in decaauts)
 A = Elapsed time spent in this place.
 B = Non-inter-level travel time spent in this place.
 C = Inter-level travel time spent in this place.
 D = Time resting spent in this place.
 E = Time spent auto-exploring this place.
 F = Levels seen in this place.
 G = Mean time per level.
                   A        B        C        D        E       F      G
               +--------+--------+--------+--------+--------+-----+--------+
         Total |   4886 |   4790 |     96 |    464 |   3842 |   4 | 1221.5 |
       Dungeon |   4886 |   4790 |     96 |    464 |   3842 |   4 | 1221.5 |
               +--------+--------+--------+--------+--------+-----+--------+

Top non-repeatable levels by time:
     D:1: 1532 daAuts
     D:3: 1451 daAuts
     D:2: 1062 daAuts
     D:4: 839 daAuts
